 Dungeon Crawl Stone Soup version 0.30-a0-757-ga6a79fd877 (webtiles) character file.

Game seed: 3730579721818663117

1606 bande the Chopper (level 8, -3/51 HPs)
             Began as a Gargoyle Fighter on Feb 10, 2023.
             Was an Initiate of Okawaru.
             Slain by an orc warrior
             ... wielding a +0 scimitar
              (10 damage)
             ... on level 6 of the Dungeon.
             The game lasted 00:08:39 (4832 turns).

bande the Chopper (Gargoyle Fighter)                Turns: 4832, Time: 00:08:40

Health: -3/51      AC: 12    Str: 25    XL:     8   Next: 94%
Magic:  9/9        EV: 10    Int: 10    God:    Okawaru [......]
Gold:   733        SH:  6    Dex: 11    Spells: 7/7 levels left

rFire   . . .      SeeInvis +    a - +0 war axe
rCold   + . .      Faith    .    c - +1 buckler
rNeg    + . .      Spirit   .    j - +1 ring mail {rC+}
rPois   ∞          Reflect  .    (no helmet)
rElec   +          Harm     .    (no cloak)
rCorr   .          Rampage  .    (no gloves)
Will    .....                    (no boots)
Stlth   +                        (no amulet)
HPRegen 0.28/turn                w - ring of see invisible
MPRegen 0.11/turn                y - +6 ring of strength

@: no status effects
A: sickness immunity, AC +5, negative energy resistance 1, electricity
resistance, torment resistance 1, petrification resistance
a: Renounce Religion


You were on level 6 of the Dungeon.
You worshipped Okawaru.
Okawaru was noncommittal.
You visited 2 branches of the dungeon, and saw 7 of its levels.
You also visited: Sewer.

You collected 733 gold pieces.

Inventory:

Hand Weapons
 a - a +0 war axe (weapon)
 o - a +3 heavy mace
Missiles
 m - 3 throwing nets (quivered)
Armour
 c - a +1 buckler (worn)
 j - a +1 ring mail of cold resistance (worn)
Jewellery
 h - a ring of ice
 w - a ring of see invisible (left hand)
 y - a +6 ring of strength (right hand)
Wands
 p - a wand of roots (12)
 r - a wand of paralysis (9)
Scrolls
 e - a scroll of vulnerability {unknown}
 k - a scroll of enchant armour
 l - 2 scrolls of magic mapping
 x - a scroll of torment {unknown}
 A - a scroll of identify
Potions
 b - 2 potions of cancellation {unknown}
 d - 4 potions of might
 f - 2 potions of brilliance
 g - 2 potions of haste {unknown}
 i - 4 potions of curing
 n - 2 potions of magic {unknown}
 q - a potion of lignification {unknown}
 s - a potion of berserk rage {unknown}
 t - 2 potions of heal wounds {unknown}
 u - 3 potions of mutation {unknown}
 v - 3 potions of attraction {unknown}
 z - a potion of experience {unknown}


   Skills:
 + Level 5.6 Fighting
 + Level 6.5 Axes
 + Level 5.5 Armour
 + Level 5.2 Shields
 * Level 1.7 Invocations
 * Level 3.7 Evocations


You had 7 spell levels left.
You didn't know any spells.
Your spell library contained the following spells:

 Spells                   Type           Power      Damage    Failure   Level
 Beastly Appendage        Tmut           0%         N/A       58%         1
 Foxfire                  Conj/Fire      0%         2x1d4     58%         1
 Freeze                   Ice            0%         1d3       58%         1
 Kiss of Death            Conj/Necr      0%         2d5       58%         1
 Sting                    Tmut/Pois      0%         1d3       58%         1
 Poisonous Vapours        Pois/Air       0%         N/A       73%         2
 Wereblood                Tmut           0%         N/A       73%         2
 Confusing Touch          Hex            0%         N/A       91%         3
 Dazzling Flash           Conj/Hex       0%         N/A       91%         3
 Frozen Ramparts          Ice            0%         1d1       91%         3
 Hailstorm                Conj/Ice       0%         3d3       91%         3
 Spider Form              Tmut/Pois      0%         N/A       91%         3
 Dispel Undead            Necr           0%         3d6       100%        4
 Olgreb's Toxic Radiance  Pois           0%         N/A       100%        4
 Agony                    Necr           0%         N/A       100%        5
 Fireball                 Conj/Fire      0%         3d3       100%        5
 Silence                  Hex/Air        0%         N/A       100%        5
 Starburst                Conj/Fire      0%         6d3       100%        6


Dungeon Overview and Level Annotations

Branches:
Dungeon (6/15)             Temple (1/1) D:5           Sewer (visited)

Altars:
Ashenzari
Cheibriados
Dithmenos
Elyvilon
Fedhas
Gozag
Nemelex Xobeh
Okawaru
Qazlal
Yredelemnul
Zin
The Shining One

Shops:
D:4 ?


Innate Abilities, Weirdness & Mutations

You are immune to sickness and miasma.
Your stone body is resilient. (AC +5)
You are immune to poison.
You resist negative energy. (rN+)
You are resistant to electric shocks. (rElec)
You are resistant to unholy torment.
You are immune to petrification.


Message History

You are too injured to fight recklessly!
You are too injured to fight recklessly!
You closely miss the orc wizard.
The orc wizard is heavily wounded.
You slash the orc priest!
The orc wizard hits you but does no damage.
The orc priest closely misses you.
The orc warrior shoots a bolt.
You block the bolt.
You slash the orc wizard!
You kill the orc wizard!
Okawaru accepts your kill.
You closely miss the orc priest. The orc priest completely misses you.
An orc comes into view. It is wielding a +0 hand axe.
The orc warrior shoots a bolt.
The bolt hits you!
* * * LOW HITPOINT WARNING * * *
The orc priest casts a cantrip, but nothing happens.
Things that are here:
a +2 dagger of venom; a +0 robe; an orc corpse Unknown command.
The orc priest hits you but does no damage.
The orc warrior shoots a bolt.
The bolt hits you but does no damage.
The orc priest hits you but does no damage.
The orc warrior shoots a bolt.
The bolt barely misses you.
Things that are here:
a +2 dagger of venom; a +0 robe; an orc corpse You slash the orc priest!
You kill the orc priest!
Okawaru accepts your kill.
The orc warrior shoots a bolt.
The bolt closely misses you.
Unknown command.
The orc hits you with a +0 hand axe.
* * * LOW HITPOINT WARNING * * *
Things that are here:
a +0 dagger; an orc corpse You hit the orc.
The orc is moderately wounded.
You barely miss the orc warrior.
The orc warrior unwields a +0 arbalest.
The orc warrior wields a +0 scimitar.
The orc warrior hits you with a +0 scimitar!
You die...

#.# .. ... #.
#.# #. #.#
###.##.##
....... . #..#o#
#.### #)#@###.#
... #.o)....#
##.####.######
##....##..#####
#...............
##≈S⌠≈
##..#..#.######.
#≈≈...
#.(...#...
#≈⌠._.
#.##..###.#
#≈≈o)o #.#<..#
/#


You could see an orc warrior and an orc.

Vanquished Creatures
  Grinder (Sewer)
  Sigmund (D:5)
  A black bear (D:4)
  2 kobold brigands (Sewer)
  Blork the orc (D:5)
  3 necrophages (D:5)
  2 scorpions
  A water moccasin zombie (D:5)
  A crimson imp (D:5)
  3 orc priests
  A centaur zombie (D:5)
  A jelly (D:4)
  A quasit (Sewer)
  An iguana (D:4)
  An orc wizard (D:6)
  A killer bee zombie (D:5)
  3 gnolls (D:3)
  7 adders
  3 white imps
  6 ufetubi (Sewer)
  2 worms
  A dart slug (D:2)
  7 orcs
  9 ball pythons
  A bat zombie (Sewer)
  10 endoplasms
  5 giant cockroaches
  8 hobgoblins
  11 jackals
  5 quokkas
  8 bats
  3 frilled lizards
  A giant cockroach zombie (Sewer)
  11 goblins
  28 kobolds
  6 rats
  A bush (D:5)
158 creatures vanquished.

Vanquished Creatures (others)
  An orc (D:6)
  3 bushes (D:5)
  20 fungi
  16 plants
40 creatures vanquished.

Grand Total: 198 creatures vanquished

Notes
Turn   | Place    | Note
-------+----------+-------------------------------------------
     0 | D:1      | bande the Gargoyle Fighter began the quest for the Orb.
     0 | D:1      | Reached XP level 1. HP: 14/14 MP: 1/1
   100 | D:1      | Found a faded altar of an unknown god.
   188 | D:1      | Reached XP level 2. HP: 18/19 MP: 2/2
   361 | D:1      | Reached skill level 2 in Axes
   422 | D:1      | Reached XP level 3. HP: 22/24 MP: 3/3
   859 | D:2      | Reached XP level 4. HP: 26/29 MP: 4/4
  1090 | D:2      | Reached skill level 3 in Axes
  1322 | D:3      | Found an opulent altar of Gozag.
  1390 | D:3      | Reached XP level 5. HP: 31/33 MP: 5/5
  1858 | D:4      | Reached skill level 1 in Evocations
  1946 | D:4      | Noticed a black bear
  1963 | D:4      | Killed a black bear
  1964 | D:4      | Reached skill level 4 in Axes
  1964 | D:4      | Reached XP level 6. HP: 6/38 MP: 6/6
  2141 | D:4      | Identified the +2 sling of Equivalence {freeze, rPois rF+
                  | Int+4}
  2271 | D:4      | Found a glowing golden altar of the Shining One.
  2500 | D:4      | Found Uripon's Magic Scroll Shop.
  2636 | D:4      | Reached XP level 7. HP: 42/44 MP: 7/7
  2758 | D:5      | Entered Level 5 of the Dungeon
  2809 | D:5      | Found a staircase to the Ecumenical Temple.
  2855 | D:5      | Noticed Sigmund
  2880 | D:5      | Found a glowing drain.
  2889 | Sewer    | Entered a sewer
  3060 | Sewer    | Found a burning altar of Makhleb.
  3075 | Sewer    | Reached skill level 5 in Axes
  3292 | Sewer    | Noticed Grinder
  3309 | Sewer    | Paralysed by Grinder for 5 turns
  3318 | Sewer    | Killed Grinder
  3319 | Sewer    | Reached skill level 5 in Fighting
  3319 | Sewer    | Reached skill level 5 in Armour
  3319 | Sewer    | Reached XP level 8. HP: 24/49 MP: 8/8
  3519 | D:5      | Killed Sigmund
  3520 | D:5      | Reached skill level 5 in Shields
  3571 | D:5      | Noticed Blork the orc
  3586 | D:5      | Killed Blork the orc
  3729 | D:5      | Identified a scroll of acquirement
  3729 | D:5      | Acquired 564 gold pieces
  3818 | D:5      | Found a stormy altar of Qazlal.
  3875 | Temple   | Entered the Ecumenical Temple
  3960 | Temple   | Became a worshipper of Warmaster Okawaru
  4259 | D:5      | Found a blossoming altar of Fedhas.
  4501 | D:5      | Reached skill level 6 in Axes
  4622 | D:5      | Reached skill level 1 in Invocations
  4779 | D:6      | Found a white marble altar of Elyvilon.
  4832 | D:6      | Slain by an orc warrior

Illustrated notes

Levels and vault maps discovered:
D:1:      dpeg_chamrin_arrival_tetris, layout_basic,
          shapermc_ecumenical_altar_acropolis
D:2:      layout_basic, supply_closet_lemuel
D:3:      layout_loops_ring, grunt_gozag_statues, dk_noncrumbling_4,
          corexii_item_surrounded_by_moat
D:4:      layout_rooms, general_overflow_altar, serial_shops,
          nicolae_shop_hallway_plus, serial_aquarium, aquarium_bridge_square
          [aquarium_subvault_bridge, aquarium_subvault_balcony,
          aquarium_subvault_window, aquarium_subvault_bridge],
          aquarium_bridge_square [aquarium_subvault_wall,
          aquarium_subvault_bridge, aquarium_subvault_wall,
          aquarium_subvault_bridge], aquarium_window_fake, aquarium_window_2,
          aquarium_view_2d, aquarium_balcony_double_4, aquarium_pool_double,
          roderic_serpentine_path
D:5:      nicolae_BIG_FREAKIN_CUBE, layout_basic,
          nicolae_qazlal_scattered_showers, fedhas_altar_decomposition,
          minmay_temple_entry_trees, cheibrodos_sewer_entry_bend,
          grunt_ministairs_13, chequers_serial_rivers_micro_e,
          dreamdust_mushroom_princess, minmay_fire_ice_demons,
          uniq_blork_the_orc, uniq_sigmund
D:6:      layout_basic, lemuel_zombie_altar_kikubaaqudgha, kennysheep_mini,
          nicolae_elyvilon_temple_path, minmay_strange_pillars
Temple:   hellmonk_temple_flake

Skill      XL: |  1  2  3  4  5  6  7  8 |
---------------+-------------------------+-----
Axes           | 2 3 4 5 6 |  6.5
Armour         | 4 5 |  5.5
Fighting       | 4 5 |  5.6
Evocations     | 1 2 3 |  3.7
Shields        | 4 5 |  5.2
Invocations    | 1 |  1.7

Action                     |  1- 3 |  4- 6 |  7- 9 || total
---------------------------+-------+-------+-------++-------
  Melee: War axe           |   110 |   226 |   244 ||   580
    Use: Scroll            |       |       |    10 ||    10
 Armour: Scale mail        |    58 |       |       ||    58
         Ring mail         |    10 |   155 |   242 ||   407
  Dodge: Dodged            |    64 |   141 |   230 ||   435
  Block: Buckler           |    20 |    51 |   117 ||   188

Table legend: (Time is in decaauts)
 A = Elapsed time spent in this place.
 B = Non-inter-level travel time spent in this place.
 C = Inter-level travel time spent in this place.
 D = Time resting spent in this place.
 E = Time spent auto-exploring this place.
 F = Levels seen in this place.
 G = Mean time per level.
                   A        B        C        D        E       F      G
               +--------+--------+--------+--------+--------+-----+--------+
         Total |   5049 |   4857 |    192 |     90 |   3363 |   8 |  631.1 |
       Dungeon |   4307 |   4135 |    172 |     90 |   2929 |   6 |  717.8 |
        Temple |     94 |     74 |     20 |      0 |     65 |   1 |   94.0 |
         Sewer |    646 |    646 |      0 |      0 |    369 |   1 |  646.0 |
               +--------+--------+--------+--------+--------+-----+--------+

Top non-repeatable levels by time:
     D:5: 1344 daAuts
     D:4: 979 daAuts
     D:1: 696 daAuts
     D:3: 688 daAuts
   Sewer: 646 daAuts
     D:2: 525 daAuts
  Temple: 94 daAuts
     D:6: 72 daAuts
